 Dungeon Crawl Stone Soup version 0.31.0-12-g77e489cdc1 (webtiles) character file.

Game seed: 8310975713100008151

248 ChadusMaximus the Caller (level 6, -4/41 HPs)
             Began as a Barachi Summoner on Mar 3, 2024.
             Slain by an ice beast (5 damage)
             ... on level 5 of the Dungeon.
             The game lasted 00:03:24 (2696 turns).

ChadusMaximus the Caller (Barachi Summoner)         Turns: 2696, Time: 00:03:25

Health: -4/41      AC:  3    Str: 10    XL:     6   Next: 12%
Magic:  1/12       EV: 12    Int: 17    God:
Gold:   268        SH:  0    Dex: 12    Spells: 3/13 levels left

rFire   . . .        c - +0 sling
rCold   . . .        (no shield)
rNeg    . . .        a - +0 robe
rPois   .            (no helmet)
rElec   .            q - +0 cloak
rCorr   .            (no gloves)
SInv    +            (no boots)
Will    .....        (no amulet)
Stlth   ++           l - ring of see invisible
HPRegen 0.26/turn    (no ring)
MPRegen 0.13/turn

%: no passive effects
@: unable to hop, inugami summoned, slow
A: amphibious, slowness 1, strong legs 1, +LOS
a: Hop


You were on level 5 of the Dungeon.
You visited 1 branch of the dungeon, and saw 5 of its levels.

You collected 268 gold pieces.

Inventory:

Hand Weapons
 c - a +0 sling (weapon)
 p - a +4 quarterstaff of chaos
Armour
 a - a +0 robe (worn)
 k - a +2 scale mail of fire resistance
 q - a +0 cloak (worn)
Jewellery
 l - a ring of see invisible (left hand)
Wands
 o - a wand of flame (11)
Scrolls
 d - a scroll of enchant weapon {unknown}
 e - a scroll of poison {unknown}
 j - 2 scrolls of fear {unknown}
Potions
 b - a potion of magic
 f - a potion of ambrosia {unknown}
 g - a potion of degeneration {unknown}
 h - a potion of mutation {unknown}
 i - a potion of heal wounds {unknown}
 m - a potion of curing {unknown}
 n - a potion of lignification {unknown}
 r - a potion of cancellation {unknown}


   Skills:
 - Level 2.1 Dodging
 - Level 1.7 Stealth
 + Level 4.0 Spellcasting
 * Level 7.6 Summonings


You had 3 spell levels left.
You knew the following spells:

 Your Spells              Type           Power      Damage    Failure   Level
a - Summon Small Mammal   Summ           100%       N/A       1%          1
b - Call Canine Familiar  Summ           29%        N/A       1%          3
c - Call Imp              Summ           58%        N/A       1%          2
d - Summon Lightning Spi  Summ/Air       16%        N/A       32%         4

Your spell library contained the following spells:

 Spells                   Type           Power      Damage    Failure   Level
 Summon Blazeheart Golem  Fire/Summ      16%        N/A       32%         4


Dungeon Overview and Level Annotations

Branches:
Dungeon (5/15)
 Temple: D:4-7

Altars:
Dithmenos
Elyvilon

Shops:
D:3 (


Innate Abilities, Weirdness & Mutations

You are amphibious.
You cover ground slowly.
You can hop short distances.
You have an extended range of vision and can be seen from far away.


Message History

You are very lightly contaminated with residual magic.
You feel a sudden electric shock!
Your cerulean imp hits the black bear with a -2 spear.
The black bear bites you! The black bear barely misses you.
The black bear claws you.
Your inugami closely misses the black bear.
Hop to where?
Press: ? - help, Dir - move target, p - black bear Boing!
Your cerulean imp hits the black bear but does no damage.
Your cerulean imp hits the black bear but does no damage.
There is a stone staircase leading down here.
Your inugami hits the black bear.
You climb downwards.
You hear the hiss of flowing sand.
There is an entrance to an ossuary on this level.
Hurry and find it before the portal is buried!
Found a book of Callings.
There is a stone staircase leading up here.
Casting: Summon Lightning Spire (extremely dangerous; 32% risk of failure)
Confirm with . or Enter, or press ? or * to list all spells.
You call for your canine familiar and it appears with a howl!
Casting: Call Canine Familiar (safe; 1% risk of failure)
Confirm with . or Enter, or press ? or * to list all spells.
The ice beast hits your inugami. The ice beast freezes your inugami!
Your inugami barely misses the ice beast.
Your inugami hits the ice beast but does no damage.
Your inugami hits the ice beast.
Your quokka closely misses the ice beast.
You are too injured to fight recklessly!
Unknown command.
Your magical contamination has completely faded away.
The ice beast hits you. The ice beast freezes you!
* * * LOW HITPOINT WARNING * * *
Your inugami barely misses the ice beast.
Your quokka barely misses the ice beast.
Your inugami hits the ice beast but does no damage.
The ice beast hits you.
* * * LOW HITPOINT WARNING * * *
The ice beast freezes you.
You die...

#.......
#.......
#......
#......
##.... ##
##...# ..#
##..h###..#
##...rY....##
#.<....@....#
########..:.#
##...# ..# .#
.# .# .


You could see an ice beast (ally target), a friendly quokka (summoned) and a
friendly inugami (summoned).

Vanquished Creatures
  Crazy Yiuf (D:3)
  3 gnolls (D:3)
  An adder (D:3)
  4 endoplasms
  A giant cockroach (D:1)
  5 goblins
  4 hobgoblins
  A jackal (D:1)
  2 quokkas
  4 ball pythons
  6 bats
  A frilled lizard (D:2)
  6 kobolds
  13 rats
52 creatures vanquished.

Vanquished Creatures (collateral kills)
  A hound (D:3)
  A jelly (D:2)
  A sleepcap (D:3)
  Terence (D:2)
  An adder (D:3)
  A hobgoblin (D:2)
  3 jackals (D:1)
  2 quokkas (D:1)
11 creatures vanquished.

Grand Total: 63 creatures vanquished

Notes
Turn   | Place    | Note
-------+----------+-------------------------------------------
     0 | D:1      | ChadusMaximus the Barachi Summoner began the quest for the
                  | Orb.
     0 | D:1      | Reached XP level 1. HP: 13/13 MP: 3/3
    26 | D:1      | Reached skill level 5 in Summonings
    51 | D:1      | Reached XP level 2. HP: 16/19 MP: 3/5
   489 | D:1      | Reached XP level 3. HP: 19/24 MP: 7/7
  1133 | D:2      | HP: 1/24 [acid (11)]
  1140 | D:2      | Reached skill level 6 in Summonings
  1140 | D:2      | Reached XP level 4. HP: 4/30 MP: 5/8
  1166 | D:2      | Learned a level 3 spell: Call Canine Familiar
  1169 | D:2      | Learned a level 2 spell: Call Imp
  1253 | D:2      | Noticed Terence
  1262 | D:2      | Killed Terence
  1473 | D:3      | Found a shadowy altar of Dithmenos.
  1473 | D:3      | Found a white marble altar of Elyvilon.
  1534 | D:3      | Reached XP level 5. HP: 35/35 MP: 8/10
  1740 | D:3      | Reached skill level 7 in Summonings
  2144 | D:3      | Found Wajuen's Antique Weapon Boutique.
  2232 | D:3      | Found a runed translucent door.
  2233 | D:3      | Noticed Crazy Yiuf
  2457 | D:3      | Killed Crazy Yiuf
  2458 | D:3      | Reached XP level 6. HP: 16/41 MP: 2/12
  2609 | D:3      | Learned a level 4 spell: Summon Lightning Spire
  2678 | D:4      | Noticed a black bear
  2689 | D:5      | Entered Level 5 of the Dungeon
  2689 | D:5      | Noticed an ice beast
  2696 | D:5      | HP: 1/41 [ice beast (2)]
  2696 | D:5      | Slain by an ice beast

Illustrated notes

Levels and vault maps discovered:
D:1:      co_arrival_square_in_a_square_in_a_square, layout_loops_ring,
          minmay_rat_gold_closets
D:2:      layout_basic, uniq_terence
D:3:      layout_loops_ring, mainiacjoe_overflow_divided_tiny, serial_shops,
          shop, uniq_crazy_yiuf_cottage
D:4:      layout_loops_ring, mainiacjoe_overflow_brackets,
          nicolae_overflow_crystal_walls, uniq_robin
D:5:      layout_layer_cave, nicolae_uskayaw_murder_on_the_dancefloor,
          minmay_temple_entry_oklob, mainiacjoe_ossuary_entry_dusty_tomb

Skill      XL: |  1  2  3  4  5 |
---------------+----------------+-----
Summonings     | 5 6 7 |  7.6
Spellcasting   | 3 4 |  4.0
Dodging        | |  2.1
Stealth        | |  1.7

Action                     |  1- 3 |  4- 6 || total
---------------------------+-------+-------++-------
  Melee: Unarmed           |    12 |       ||    12
         Punch             |     1 |       ||     1
   Fire: Sling             |   100 |    90 ||   190
   Cast: Summon Small Mamm |     7 |     4 ||    11
         Call Canine Famil |       |     9 ||     9
         Call Imp          |       |     8 ||     8
Ability: Hop               |     1 |     1 ||     2
 Armour: Robe              |    28 |    37 ||    65
  Dodge: Dodged            |    43 |    35 ||    78
